Map: Ephemeron LE

Players

Beastyqt

  • Race: Terran Terran
  • League: Master
  • Spawn Location: 5:00

A.I. 1 (Very Easy) - Winner!

  • Race: Terran Terran
  • Spawn Location: 11:00

VOD

https://www.youtube.com/watch?v=Z_gPUJarjCc

Description

Time

  • Played on: Dec. 26, 2019, 11:09 a.m.
  • Length: 10:20
Show
View Real Time Build Order
Export as new Build Order

Beastyqt Terran 

Build Orders: Reaper Expand 

Get SALT Encoding   

  12  0:00  SCV  
  13  0:13  SCV  
  14  0:18  Supply Depot  
  14  0:25  SCV  
  15  0:40  SCV  
  15  0:41  Barracks  
  16  0:45  Refinery  
  16  0:52  SCV  
  17  1:04  SCV  
  18  1:16  SCV  
  19  1:28  Orbital Command, Reaper  
  20  1:43  Command Center  
  20  1:52  Supply Depot  
  20  1:54  SCV  
  20  2:00  Marine  
  22  2:07  SCV  
  23  2:12  Factory  
  23  2:19  SCV, Bunker  
  24  2:28  Barracks Reactor  
  24  2:29  Refinery  
  24  2:31  SCV  
  25  2:43  SCV  
  26  2:56  Starport  
  26  2:58  SCV  
  26  3:00  Orbital Command  
  26  3:03  Factory Tech Lab  
  27  3:06  Marine x2  
  27  3:10  SCV  
  30  3:15  Supply Depot  
  30  3:22  SCV  
  30  3:23  Cyclone, Marine  
  30  3:24  Marine  
  30  3:26  SCV  
  37  3:32  Starport Tech Lab  
  37  3:35  SCV  
  37  3:38  SCV  
  39  3:41  Supply Depot  
  39  3:43  Marine x2  
  39  3:47  SCV  
  42  3:50  SCV  
  42  3:59  SCV  
  42  4:00  Refinery, Raven  
  42  4:02  SCV  
  46  4:04  Marine x2  
  46  4:08  Supply Depot  
  48  4:11  SCV  
  48  4:14  SCV  
  50  4:23  Marine, SCV, Siege Tank  
  50  4:24  Marine  
  56  4:26  SCV  
  57  4:34  Supply Depot x2  
  57  4:35  SCV  
  58  4:38  SCV  
  59  4:47  SCV  
  59  4:50  Command Center  
  59  4:51  SCV  
  61  4:55  Siege Tank, Viking  
  61  4:59  SCV  
  67  5:00  Viking  
  67  5:03  SCV  
  67  5:04  Marine, Refinery  
  71  5:09  Stimpack  
  71  5:11  SCV  
  71  5:13  Supply Depot  
  72  5:15  SCV  
  73  5:23  SCV  
  73  5:24  Marine, Viking  
  73  5:27  SCV  
  78  5:30  Viking  
  80  5:38  SCV  
  80  5:40  Barracks, Siege Tank  
  80  5:41  Barracks  
  80  5:42  SCV  
  85  5:43  Marine  
  85  5:49  Supply Depot  
  86  5:54  Supply Depot, Viking  
  90  6:00  Viking  
  90  6:02  Engineering Bay  
  90  6:03  SCV  
  91  6:04  Engineering Bay  
  91  6:05  SCV  
  91  6:11  Marine  
  92  6:12  Siege Tank  
  92  6:15  SCV  
  97  6:23  SCV  
  98  6:29  Barracks x2  
  98  6:31  SCV  
  103  6:39  Barracks Reactor  
  99  6:41  Viking x2  
  99  6:42  SCV  
  99  6:44  Siege Tank, Barracks Reactor  
  99  6:45  Orbital Command, SCV  
  108  6:52  Marine  
  109  6:54  Terran Infantry Weapons Level 1, SCV  
  109  6:57  Supply Depot  
  109  6:58  Terran Infantry Armor Level 1  
  109  6:59  SCV  
  109  7:00  Supply Depot  
  111  7:06  SCV  
  112  7:10  Supply Depot, Marine, SCV  
  112  7:11  Supply Depot, SCV  
  112  7:14  Refinery x2  
  115  7:17  Siege Tank  
  115  7:18  SCV, Barracks Reactor x2  
  115  7:22  SCV  
  120  7:23  Marine  
  120  7:24  Supply Depot, Marine  
  120  7:25  SCV  
  120  7:28  Marine x3  
  126  7:30  SCV  
  126  7:34  SCV  
  126  7:35  Medivac  
  130  7:37  Medivac  
  130  7:38  SCV  
  133  7:44  Marine x2  
  133  7:46  Marine x2, Combat Shield  
  133  7:50  Marine  
  133  7:51  Supply Depot  
  138  7:53  Siege Tank  
  138  7:54  Supply Depot, SCV  
  144  8:01  Marine x3  
  144  8:02  Supply Depot, Marine, Armory  
  146  8:10  Medivac  
  146  8:11  Marine  
  146  8:12  Marine  
  150  8:15  Marine x2  
  150  8:17  Marine, Medivac  
  155  8:23  Marine x2  
  155  8:25  Siege Tank  
  160  8:29  Marine x3  
  160  8:30  Supply Depot, Marine  
  160  8:31  Command Center, Barracks  
  164  8:35  Factory  
  164  8:39  Marine x2  
  166  8:42  Marine x2  
  166  8:44  Medivac  
  166  8:45  Marine  
  166  8:47  Marine, Medivac  
  166  8:48  SCV  
  175  8:49  Supply Depot, SCV  
  175  8:50  Marine  
  175  8:51  Marine  
  178  9:04  Marine x2  
  178  9:05  Marine x2  
  178  9:07  Marine x2  
  184  9:12  Missile Turret x2  
  184  9:14  Missile Turret  
  184  9:18  Sensor Tower  
  184  9:19  Sensor Tower  
  184  9:23  Marine x2  
  186  9:27  Siege Tank  
  186  9:28  Barracks Reactor  
  186  9:30  Marine x5  
  194  9:43  Marine, Siege Tank  
  194  9:44  Marine, Barracks Reactor  
  199  9:48  Refinery  
  199  9:49  Refinery  
  199  9:53  Marine  
  200  10:05  Starport  
  200  10:06  Starport  
  200  10:08  Command Center  
Show
View Real Time Build Order
Export as new Build Order

A.I. 1 (Very Easy) Terran - Winner!

Build Orders:  

Get SALT Encoding   

  12  0:00  SCV  
  13  0:13  SCV  
  14  0:18  Supply Depot  
  14  0:37  Refinery  
  14  0:41  Barracks  
  14  1:04  Supply Depot  
  14  1:12  Refinery  
  14  1:28  Marine  
  14  1:29  SCV  
  16  1:41  SCV  
  17  1:54  SCV  
  18  1:59  Marine  
  19  2:06  SCV  
  20  2:18  SCV  
  21  2:30  Marine, SCV  
  23  2:43  Orbital Command  
  23  5:44  SCV  
  23  5:45  Marine  
  23  5:46  Supply Depot  
  23  5:48  Factory  
  25  5:56  SCV  
  26  6:08  SCV  
  27  6:11  Supply Depot  
  27  6:17  Barracks Tech Lab  
  27  6:21  SCV  
  25  6:33  SCV  
  25  6:34  Marine  
  25  6:35  Starport  
  27  6:48  Command Center  
  27  7:06  Marauder  
  29  7:12  Starport Tech Lab  
  29  7:31  Raven  
  31  7:37  Marine  
  32  8:02  SCV  
  33  8:09  Marine, SCV  
  33  8:11  Refinery  
  35  8:14  Refinery, Raven  
  35  8:16  SCV  
  38  8:23  SCV  
  39  8:30  SCV  
  40  8:38  SCV  
  40  8:45  SCV  
  41  8:52  SCV  
  42  9:00  SCV  
  43  9:07  SCV  
  44  9:14  SCV  
  44  9:21  SCV  
  45  9:28  SCV  
  46  9:36  SCV  
  47  9:43  SCV  
  48  9:50  SCV  
  49  9:57  SCV  
Tags
 
League
Master
Matchup
TvT
Player
Beastyqt
Race
Terran
Spawn Locations
Cross Positions
Add a new tag
Caveats
  • Supply blocks, unpowered buildings, or Contaminate may cause inaccurate times.
  • Supply counts are checked every 10 seconds.